AoeStats
← 孤傲苍狼啸月圆

Arena

509845450Analyzed
4v4 RM · 5d ago on Sep 28, 2026· 36m 26s· 8 players
Game mode
Random Map
Map size
Large (8 player)
Population
200
Speed
Normal
Resources
Standard
Victory
Conquest
Starting age
Dark Age
Ending age
Imperial Age
RankedLock teamsTeams togetherTeam positionsShared explorationLock speedFull tech treeHidden civsTurbo modeCheats
Victory
Defeat
🇪🇪 Burgundians · Estonia
787
+11
🇳🇿 Britons · New Zealand
706
+14
🇳🇱 Varangians · Netherlands
545
+20
🇨🇳 Wei · China
384
+27
🇯🇵 Saracens · Japan
722
-21
🇨🇳 Poles · China
716
-21
🇭🇰 Huns · Hong Kong SAR China
602
-16
🇨🇳 Cumans · China
543
-14
ROSECAT
13:42 Feudal Age
15:20 Double-Bit Axe
20:00 Castle Age
18:10 Horse Collar
24:32 Heavy Plow
24:25 Loom
27:44 Bow Saw
28:48 Gold Mining
30:30 Stone Mining
32:09 Pikeman
kh
1:55 Loom
14:23 Feudal Age
14:45 Horse Collar
15:18 Double-Bit Axe
16:16 Wheelbarrow
16:06 Gold Mining
16:10 Stone Mining
21:27 Castle Age
21:14 Bloodlines
22:39 Hand Cart
23:01 Stone Shaft Mining
22:44 Bow Saw
22:52 Husbandry
29:17 Heavy Plow
33:54 Forging
33:50 Scale Barding Armor
34:53 Szlachta Privileges
RuinMireia
11:26 Feudal Age
15:38 Castle Age
13:41 Double-Bit Axe
13:46 Horse Collar
15:40 Loom
16:29 Bow Saw
17:27 Heavy Plow
24:05 Wheelbarrow
23:33 Gold Mining
28:37 Imperial Age
26:47 Scale Barding Armor
26:53 Forging
27:44 Gold Shaft Mining
27:37 Husbandry
27:47 Bloodlines
28:54 Chain Barding Armor
29:10 Iron Casting
28:51 Heavy Camel Rider
30:24 Plate Barding Armor
30:18 Hand Cart
31:26 Two-Man Saw
32:17 Blast Furnace
31:59 Conscription
31:52 Elite Skirmisher
32:38 Thumb Ring
32:35 Padded Archer Armor
32:25 Fletching
32:59 Ballistics
32:25 Light Cavalry
34:36 Chemistry
34:52 Leather Archer Armor
35:45 Bodkin Arrow
36:21 Ring Archer Armor
孤傲苍狼啸月圆
3:17 Loom
13:37 Feudal Age
17:34 Double-Bit Axe
20:53 Horse Collar
24:20 Castle Age
26:19 Bow Saw
26:13 Gold Mining
26:13 Stone Mining
27:00 Capped Ram
27:56 Bloodlines
27:29 Elite Skirmisher
27:32 Pikeman
28:12 Squires
27:58 Arson
28:29 Heavy Plow
29:11 Gold Shaft Mining
32:56 Imperial Age
JesseThebeast67
10:10 Feudal Age
11:32 Wheelbarrow
10:39 Horse Collar
10:49 Double-Bit Axe
19:35 Castle Age
17:46 Gold Mining
20:46 Hand Cart
21:37 Bow Saw
21:38 Stone Mining
24:13 Stone Shaft Mining
24:02 Heavy Plow
25:15 Caravan
26:09 Loom
30:03 Bloodlines
32:27 Husbandry
31:49 Light Cavalry
32:35 Pikeman
33:15 Squires
33:01 Arson
34:40 Fortified Wall
34:20 Guard Tower
37:17 Imperial Age
Intensivist
0:32 Loom
4:30 Double-Bit Axe
8:21 Wheelbarrow
10:30 Feudal Age
10:45 Gold Mining
11:21 Horse Collar
12:11 Hand Cart
12:10 Bow Saw
19:19 Stone Mining
21:32 Castle Age
20:11 Gold Shaft Mining
21:19 Stone Shaft Mining
21:26 Heavy Plow
21:37 Fletching
22:37 Town Watch
25:51 Squires
26:49 Scale Mail Armor
32:58 Two-Man Saw
36:25 Husbandry
35:46 Cavalier
Elite Savage
11:12 Feudal Age
12:18 Horse Collar
15:18 Castle Age
13:16 Double-Bit Axe
14:27 Wheelbarrow
16:12 Bow Saw
16:05 Heavy Plow
22:03 Hand Cart
22:45 Gold Mining
24:07 Gold Shaft Mining
24:23 Stone Mining
24:30 Loom
28:07 Imperial Age
25:20 Treadmill Crane
26:26 Stone Shaft Mining
26:23 Forging
26:49 Scale Barding Armor
27:09 Bloodlines
26:59 Husbandry
27:48 Tuntian
29:11 Conscription
29:28 Iron Casting
29:14 Chain Barding Armor
29:51 Town Watch
30:42 Crop Rotation
31:27 Blast Furnace
30:59 Ballistics
34:18 Chemistry
32:50 Elite Tiger Cavalry
34:17 Ming Guang Armor
36:08 Fletching
Poremmie
2:02 Loom
13:48 Feudal Age
14:47 Horse Collar
18:26 Castle Age
21:22 Town Watch
22:29 Wheelbarrow
27:25 Stone Mining
27:31 Gold Mining
28:57 Hand Cart
30:03 Double-Bit Axe
31:42 Fletching
32:22 Forging
32:13 Padded Archer Armor
34:24 Bodkin Arrow
Connection lost

Rejoining the realm…

Still unreachable

The connection could not be restored.

Session expired

The server has moved on; the page needs a fresh start.